 Dungeon Crawl Stone Soup version 0.29.0-4-gdea44cf6ec (webtiles) character file.

Game seed: 3374193757972206668

84 qw the Chopper (level 4, -2/36 HPs)
             Began as a Barachi Chaos Knight on Sept 4, 2022.
             Slain by a sun demon (9 damage)
             ... summoned by Xom
             ... on level 3 of the Dungeon.
             The game lasted 00:01:01 (2061 turns).

qw the Chopper (Barachi Chaos Knight)               Turns: 2061, Time: 00:01:02

Health: -2/36      AC: 12    Str: 15    XL:     4   Next: 46%
Magic:  4/4        EV:  4    Int: 13    God:
Gold:   111        SH:  0    Dex: 17    Spells: 3/3 levels left

rFire   . . .      SeeInvis .   Y - +3 war axe (venom)
rCold   . . .      Faith    .   (no shield)
rNeg    . . .      Spirit   .   f - +0 plate armour
rPois   .          Reflect  .   (helmet restricted)
rElec   .          Harm     .   (no cloak)
rCorr   .          Rampage  .   (no gloves)
Will    .....                   q - +0 pair of boots
Stlth   ..........              (no amulet)
HPRegen 0.12/turn               k - +6 ring of dexterity
MPRegen 0.09/turn               (no ring)

@: slow
A: amphibious, slowness 1, strong legs 1, +LOS, antennae 1, hooves 1, camouflage
1
a: Hop


You were on level 3 of the Dungeon.
You visited 1 branch of the dungeon, and saw 3 of its levels.

You collected 111 gold pieces.


Innate Abilities, Weirdness & Mutations

You are amphibious.
You cover ground slowly.
You can hop short distances.
You have an extended range of vision and can be seen from far away.
You have a pair of small antennae on your head.
You have large cloven feet.
Your skin changes colour to match your surroundings (Stealth+).


   Skills:
 - Level 3.6 Fighting
 + Level 5.3 Axes
 - Level 3.1 Armour
 - Level 1.1 Dodging


You had 3 spell levels left.
You didn't know any spells.
Your spell library was empty.

Inventory:

Hand Weapons
 d - a +0 whip
 Y - a +3 war axe of venom (weapon)
Armour
 f - a +0 plate armour (worn)
 q - a +0 pair of boots (worn)
Jewellery
 k - a +6 ring of dexterity (left hand)
Scrolls
 j - a scroll of identify
Potions
 a - a potion of haste {unknown}
 b - a potion of curing {unknown}
 e - a potion of brilliance {unknown}
 g - a potion of degeneration {unknown}
 i - a potion of berserk rage {unknown}
 l - a potion of attraction {unknown}
 n - a potion of might {unknown}
 o - a potion of mutation
Miscellaneous
 c - a piece from Xom's chessboard (15/15)

Dungeon Overview and Level Annotations

Branches:
Dungeon (3/15)

Altars:


Message History

You kill the goblin!
You start resting.
HP restored.
Things that are here:
a +0 dagger; a +0 sling
Found a book of Blood.
You see here a book of Blood.
Found a stone staircase leading down.
A kobold and a goblin come into view.
The kobold shouts!
The goblin shouts!
The kobold throws a stone.
The stone barely misses you.
You barely miss the goblin. The goblin hits you but does no damage.
The kobold throws a stone.
The stone hits you but does no damage.
You hit the goblin.
You kill the goblin!
You closely miss the kobold. The kobold hits you but does no damage.
The kobold barely misses you.
You barely miss the kobold. The kobold hits you but does no damage.
You closely miss the kobold. The kobold hits you but does no damage.
You slash the kobold!
You kill the kobold!
You hear Xom's maniacal laughter.
You sense a monster nearby.
You hit the sun demon but do no damage. You barely miss the iron imp.
You hit the iron imp.
The iron imp is poisoned.
You completely miss the iron imp.
The iron imp is lightly wounded.
You hit the iron imp.
The iron imp is poisoned.
You hit the sun demon but do no damage. The sun demon hits you!
You are engulfed in flames!
The iron imp hits you.
The iron imp hits you but does no damage.
You slash the iron imp!
You kill the iron imp!
The iron imp disappears in a puff of smoke!
You hit the sun demon. You barely miss the iron imp. The sun demon hits you!
You die...

#####.# #
#..##.....#
#... #.
##.#..# #####
. #..... ###
#........# ..#
####.##### #.#
#. #.# # #
######.## #
#ยค@35...# #
#5####..# # #5
#....# #
#.##.##.# #
#..).)..# #
####.#### #
#.# # #.#
####.#########


You could see a sun demon (summoned), an iron imp (summoned, very poisoned), a
crimson imp (summoned) and a white imp (summoned).

Vanquished Creatures
  2 adders
  2 worms
  3 dart slugs
  An orc (D:3)
  3 ball pythons
  3 bats (D:2)
  7 endoplasms
  3 giant cockroaches
  5 goblins
  A hobgoblin (D:1)
  6 jackals (D:1)
  8 kobolds
  5 rats
49 creatures vanquished.

Notes
Turn   | Place    | Note
-------+----------+-------------------------------------------
     0 | D:1      | qw the Barachi Chaos Knight began the quest for the Orb.
     0 | D:1      | Reached XP level 1. HP: 18/18 MP: 1/1
     0 | D:1      | 0 ||| qw: Version: 0.1-a-102-g441f92d
     0 | D:1      | 0 ||| qw: Game counter: 5346
     0 | D:1      | 0 ||| qw: Always use a shield: true
     0 | D:1      | 0 ||| qw: God list: Okawaru
     0 | D:1      | 0 ||| qw: Allow faded altars: false
     0 | D:1      | 0 ||| qw: Do Orc after D:15 true
     0 | D:1      | 0 ||| qw: Do second Lair branch before Depths: true
     0 | D:1      | 0 ||| qw: Lair rune preference: random
     0 | D:1      | 0 ||| qw: Plans: Normal
     0 | D:1      | 0 ||| PLANNING D:1-11
     0 | D:1      | Fell from the grace of Xom
   263 | D:1      | Reached XP level 2. HP: 24/24 MP: 2/2
   273 | D:1      | Reached skill level 4 in Axes
   308 | D:1      | 308 ||| Stepping ~*~*~tactically~*~*~ (stealth).
   378 | D:1      | 378 ||| Stepping ~*~*~tactically~*~*~ (stealth).
   424 | D:1      | 424 ||| Stepping ~*~*~tactically~*~*~ (stealth).
   425 | D:1      | 425 ||| Stepping ~*~*~tactically~*~*~ (stealth).
   439 | D:1      | 439 ||| Stepping ~*~*~tactically~*~*~ (stealth).
   485 | D:1      | XOM: give mutation
   485 | D:1      | Gained mutation: You are frail. (-10% HP) [Xom's mischief]
   776 | D:1      | 776 ||| UPGRADING to +0 plate armour.
   786 | D:1      | 786 ||| DROPPING +2 leather armour.
   787 | D:1      | 787 ||| DROPPING ring of magical power.
   788 | D:1      | 788 ||| READING scroll labelled ZEIM OR ROAM.
   789 | D:1      | 789 ||| READING scroll labelled WITTISSEDOA.
   790 | D:1      | 790 ||| READING scroll labelled SASTRE SEHA.
   791 | D:1      | 791 ||| READING scroll labelled LESHRI HOVABU.
   791 | D:1      | Identified a scroll of acquirement
   791 | D:1      | 791 ||| ACQUIRING +2 war axe of venom
   791 | D:1      | Acquired a +2 war axe of venom
   793 | D:1      | 793 ||| SWAPPING to +2 war axe of venom.
   794 | D:1      | 794 ||| DROPPING +0 hand axe of chaos.
   795 | D:1      | 795 ||| DRINKING 2 bubbling purple potions.
   795 | D:1      | Lost mutation: You are frail. (-10% HP) [potion of
                  | mutation]
   795 | D:1      | Gained mutation: You have a pair of small antennae on your
                  | head. [potion of mutation]
   795 | D:1      | Gained mutation: Your skin changes colour to match your
                  | surroundings (Stealth+). [potion of mutation]
   795 | D:1      | Gained mutation: You have large cloven feet. [potion of
                  | mutation]
   880 | D:2      | Reached XP level 3. HP: 29/29 MP: 3/3
  1052 | D:2      | 1052 ||| Stepping ~*~*~tactically~*~*~ (stealth).
  1060 | D:2      | 1060 ||| Stepping ~*~*~tactically~*~*~ (stealth).
  1064 | D:2      | 1064 ||| Stepping ~*~*~tactically~*~*~ (stealth).
  1072 | D:2      | 1072 ||| Stepping ~*~*~tactically~*~*~ (stealth).
  1074 | D:2      | 1074 ||| Stepping ~*~*~tactically~*~*~ (stealth).
  1081 | D:2      | XOM: stat loss: -1 Str (14/15)
  1234 | D:2      | Reached skill level 5 in Axes
  1381 | D:2      | XOM: summons 2 hostile shadow creatures
  1653 | D:2      | Reached XP level 4. HP: 36/36 MP: 4/4
  1675 | D:2      | 1675 ||| UPGRADING to +0 pair of boots.
  1680 | D:2      | 1680 ||| UPGRADING to +6 ring of dexterity.
  1681 | D:2      | 1681 ||| READING scroll labelled UTTEF XIFESOUN.
  1682 | D:2      | 1682 ||| READING scroll labelled CAFROI CAHASCHOGG.
  1683 | D:2      | 1683 ||| READING scroll labelled BEAG EFUMNIBYKK.
  1684 | D:2      | 1684 ||| READING scroll labelled OWIOWK ERARCHUGYTEY.
  1685 | D:2      | 1685 ||| DRINKING 2 murky brown potions.
  1704 | D:2      | 1704 ||| DROPPING potion of lignification.
  1965 | D:3      | Reached skill level 3 in Armour
  1976 | D:3      | 1976 ||| Stepping ~*~*~tactically~*~*~ (hiding).
  2058 | D:3      | XOM: summons 5 hostile demons
  2059 | D:3      | Noticed a sun demon
  2060 | D:3      | HP: 7/36 [iron imp[Xom] (6)]
  2061 | D:3      | Slain by a sun demon

Levels and vault maps discovered:
D:1:      dpeg_arrival_court, layout_basic
D:2:      layout_loops_cross
D:3:      layout_loops_cross

Skill      XL: |  1  2  3  4 |
---------------+-------------+-----
Axes           | 4 5 |  5.3
Armour         | 3 |  3.1
Fighting       | |  3.6
Dodging        | |  1.1

Action                   |  1- 3 |  4- 6 || total
-------------------------+-------+-------++-------
Melee: Hand axe          |    39 |       ||    39
       War axe           |    46 |    25 ||    71
       Kick              |     7 |       ||     7
Invok: Renounce Religion |     1 |       ||     1
  Use: Scroll            |     4 |     4 ||     8
       Potion            |     1 |     1 ||     2
Armor: Leather armour    |    12 |       ||    12
       Plate armour      |    30 |    13 ||    43
Dodge: Dodged            |    24 |     7 ||    31

Table legend:
 A = Non-vault XP
 B = Vault XP
 C = Vault XP percentage of total XP
 D = Non-vault monster count
 E = Vault monster count
 F = Vault count percentage of total count
                 A         B        C        D         E       F
            +---------+---------+-------+---------+---------+-------
      Total |     121 |       0 |   0.0 |      49 |       0 |   0.0
            +---------+---------+-------+---------+---------+-------
        D:1 |      30 |       0 |   0.0 |      16 |       0 |   0.0
        D:2 |      55 |       0 |   0.0 |      23 |       0 |   0.0
        D:3 |      36 |       0 |   0.0 |      10 |       0 |   0.0
            +---------+---------+-------+---------+---------+-------
